 Dungeon Crawl Stone Soup version 0.30-a0-187-gd9c2deaf24 (webtiles) character file.

Game seed: 726526356182636450

14 Lambsauce the Shield-Bearer (level 2, -3/27 HPs)
             Began as a Minotaur Fighter on Oct 3, 2022.
             Slain by a kobold
             ... wielding a +2 dagger of electrocution
              (5 damage)
             ... on level 2 of the Dungeon.
             The game lasted 00:01:01 (244 turns).

Lambsauce the Shield-Bearer (Minotaur Fighter)       Turns: 244, Time: 00:01:02

Health: -3/27      AC:  7    Str: 20    XL:     2   Next: 27%
Magic:  1/1        EV:  9    Int:  5    God:
Gold:   30         SH:  4    Dex:  9    Spells: 1/1 levels left

rFire   . . .      SeeInvis .    a - +0 war axe
rCold   . . .      Faith    .    c - +0 buckler
rNeg    . . .      Spirit   .    b - +0 scale mail
rPois   .          Reflect  .    (helmet restricted)
rElec   .          Harm     .    (no cloak)
rCorr   .          Rampage  .    (no gloves)
Will    .....                    (no boots)
Stlth   ..........               (no amulet)
HPRegen 0.24/turn                (no ring)
MPRegen 0.07/turn                (no ring)

@: no status effects
A: horns 2, retaliatory headbutt
a: no special abilities


You were on level 2 of the Dungeon.
You visited 1 branch of the dungeon, and saw 2 of its levels.

You collected 30 gold pieces.

Inventory:

Hand Weapons
 a - a +0 war axe (weapon)
 e - a +2 dagger of venom
Armour
 b - a +0 scale mail (worn)
 c - a +0 buckler (worn)
Potions
 d - a potion of might


   Skills:
 + Level 3.9 Fighting
 + Level 2.4 Axes
 + Level 3.8 Armour
 + Level 4.1 Shields


You had one spell level left.
You didn't know any spells.
Your spell library contained the following spells:

 Spells                   Type           Power      Damage    Failure   Level
 Scorch                   Fire           0%         2d5       96%         2
 Flame Wave               Conj/Fire      0%         2d4       100%        4
 Summon Cactus Giant      Summ           0%         N/A       100%        6


Dungeon Overview and Level Annotations

Branches:
Dungeon (2/15)

Altars:

Shops:
D:1 !


Innate Abilities, Weirdness & Mutations

You have a pair of horns on your head.
You reflexively headbutt those who attack you in melee.


Message History

You slash the ball python!
You kill the ball python!
You closely miss the kobold.
The kobold hits you with a +2 dagger of electrocution.
You closely miss the kobold. You hit the hobgoblin but do no damage.
You block the kobold's attack.
The hobgoblin hits you but does no damage.
The hobgoblin barely misses you. The kobold hits you but does no damage.
You hit the kobold.
The kobold is moderately wounded.
You barely miss the hobgoblin. The kobold hits you but does no damage.
You are electrocuted!!
Ouch! That really hurt!
* * * LOW HITPOINT WARNING * * *
The hobgoblin hits you but does no damage.
The kobold attacks as you move away!
The kobold hits you with a +2 dagger of electrocution.
* * * LOW HITPOINT WARNING * * *
The kobold attacks as you move away! The kobold hits you but does no damage.
The kobold attacks as you move away!
The kobold hits you with a +2 dagger of electrocution.
* * * LOW HITPOINT WARNING * * *
The kobold attacks as you move away!
The kobold hits you with a +2 dagger of electrocution.
* * * LOW HITPOINT WARNING * * *
The kobold attacks as you move away! The kobold closely misses you.
The kobold attacks as you move away! The kobold hits you but does no damage.
The kobold attacks as you move away! The kobold hits you but does no damage.
The kobold attacks as you move away! The kobold hits you but does no damage.
The kobold attacks as you move away!
The kobold hits you with a +2 dagger of electrocution.
* * * LOW HITPOINT WARNING * * *
There is a stone staircase leading down here.
You block the kobold's attack.
You climb downwards.
The goblin shouts!
There is a stone staircase leading up here.
The kobold attacks as you move away!
The kobold hits you with a +2 dagger of electrocution.
You die...

.# .# .# .#
.# ####.####
#.......#
#.K@....#
............#
....#...g...#
... #.......#
. #########


You could see a goblin and a kobold.

Vanquished Creatures
  An endoplasm (D:1)
  2 goblins (D:1)
  5 ball pythons (D:1)
  2 bats (D:1)
  A frilled lizard (D:1)
  A rat (D:1)
12 creatures vanquished.

Notes
Turn   | Place    | Note
-------+----------+-------------------------------------------
     0 | D:1      | Lambsauce the Minotaur Fighter began the quest for the Orb.
     0 | D:1      | Reached XP level 1. HP: 19/19 MP: 0/0
   124 | D:1      | Reached skill level 4 in Shields
   124 | D:1      | Reached XP level 2. HP: 22/27 MP: 1/1
   192 | D:1      | Found Eqisep's Distillery.
   241 | D:1      | HP: 1/27 [kobold/+2 dagger of electrocution (2)]
   244 | D:2      | Slain by a kobold

Illustrated notes

Levels and vault maps discovered:
D:1:      pf_arrival_petrified_forest, layout_rooms, serial_shops, shop, shop,
          nicolae_shop_stone, chequers_avenue
D:2:      layout_rooms, dreamdust_ecumenical_altar_hidden_monk_grotto,
          serial_curves, eino_curves_01, eino_curves_02, basic_altar

Skill      XL: |  1 |
---------------+----+-----
Shields        | 4 |  4.1
Fighting       | |  3.9
Axes           | |  2.4
Armour         | |  3.8

Action                   || total
-------------------------++-------
Melee: War axe           ||    19
       Dagger            ||     4
       Headbutt          ||     1
Armor: Scale mail        ||    20
Dodge: Dodged            ||    13
Block: Buckler           ||    10

Table legend: (Time is in decaauts)
 A = Elapsed time spent in this place.
 B = Non-inter-level travel time spent in this place.
 C = Inter-level travel time spent in this place.
 D = Time resting spent in this place.
 E = Time spent auto-exploring this place.
 F = Levels seen in this place.
 G = Mean time per level.
                   A        B        C        D        E       F      G
               +--------+--------+--------+--------+--------+-----+--------+
         Total |    250 |    245 |      5 |      0 |    168 |   2 |  125.0 |
       Dungeon |    250 |    245 |      5 |      0 |    168 |   2 |  125.0 |
               +--------+--------+--------+--------+--------+-----+--------+

Top non-repeatable levels by time:
     D:1: 249 daAuts
     D:2: 0 daAuts
